NEW JERSEY vs NEW YORK I

Created - June 18, 2021 at 14:49

Goals
1 2 3 T
NEW JERSEY 1 1 2 4
NEW YORK I 3 0 0 3
Shots
1 2 3 T
NEW JERSEY 6 11 10 27
NEW YORK I 13 4 5 22

1st period

1. NEW YORK I , Boone Jenner 1 (Cedric Paquette 1, Marcus Foligno 1) at 1:33
2. NEW YORK I , Josh Bailey 1 (Rasmus Ristolainen 1, Brandon Saad 1) at 12:36
3. NEW YORK I , Brandon Saad 1 (Josh Bailey 1) at 12:50
4. NEW JERSEY , Alex DeBrincat 1 (Dmitry Orlov 1, Jack Johnson 1) at 17:43

Penalties :
Anthony Mantha (NYI) for Holding (Minor) at 14:03

2nd period

5. NEW JERSEY , Derek Stepan 1 (Sean Couturier 1) at 5:29 (SH)

Penalties :
Mikael Granlund (NJ ) for Tripping (Minor) at 3:39, Logan Couture (NYI) for Roughing (Minor) at 15:25

3rd period

6. NEW JERSEY , Evander Kane 1 (Jake Guentzel 1, Dmitry Orlov 2) at 9:40
7. NEW JERSEY , Evander Kane 2 (Sean Couturier 2) at 17:25

Penalties :
Nick Foligno (NYI) for Holding Stick (Minor) at 4:52, Pat Maroon (NYI) for Cross-checking (Minor) at 13:11

Goalie Stats

Cal Petersen (NJ ), 19 saves from 22 shots - (0.864), W, 1-0-0, 60:00 minutes
Jacob Markstrom (NYI), 23 saves from 27 shots - (0.852), L, 0-1-0, 59:04 minutes

Players Stats for NEW JERSEY

Player Name              G  A  P  +/- PIM S  H  SB GA TA FO     MP     PP MP  PK MP  
------------------------------------------------------------------------------------
Alex DeBrincat           1  0  1  -1  0   3  0  0  0  0  0/0    18:13   3:11   0:00 
Andrew Copp              0  0  0   0  0   0  2  0  0  0  7/12   13:40   0:34   0:52 
Anthony Duclair          0  0  0  -1  0   3  0  0  0  0  0/0    19:00   3:11   0:47 
Brad Hunt                0  0  0   1  0   0  1  1  0  0  0/0    15:17   0:00   0:00 
Danton Heinen            0  0  0   0  0   1  0  0  0  0  0/0     5:25   0:00   0:00 
Derek Stepan             1  0  1   1  0   2  1  0  0  0  0/0    13:17   0:00   1:03 
Dmitry Orlov             0  2  2   1  0   2  1  1  0  0  0/0    19:43   3:42   1:13 
Dougie Hamilton          0  0  0  -1  0   1  2  0  0  0  0/0    24:15   3:29   0:46 
Dylan Strome             0  0  0   0  0   0  0  0  0  0  0/1    12:14   0:00   0:00 
Evander Kane             2  0  2   1  0   4  7  0  0  0  1/3    21:44   4:11   0:09 
Jack Johnson             0  1  1   1  0   1  2  2  0  0  0/0    17:18   0:52   1:13 
Jake Guentzel            0  1  1   1  0   4  2  0  0  0  0/2    21:53   4:11   0:18 
Jeff Petry               0  0  0  -1  0   2  0  0  0  0  0/0    24:21   3:35   0:46 
Mikael Granlund          0  0  0  -1  2   1  0  0  0  0  11/27  18:12   3:11   0:00 
Samuel Girard            0  0  0   1  0   0  3  0  0  0  0/0    19:06   4:14   0:00 
Sean Couturier           0  2  2   2  0   2  0  0  0  0  16/27  22:24   4:11   0:49 
Victor Rask              0  0  0   0  0   0  0  0  0  0  2/3     5:59   0:34   0:00 
Zach Aston-Reese         0  0  0   0  0   1  1  0  0  0  0/0     5:59   0:34   0:00 

Players Stats for NEW YORK I

Player Name              G  A  P  +/- PIM S  H  SB GA TA FO     MP     PP MP  PK MP  
------------------------------------------------------------------------------------
Anthony Mantha           0  0  0  -1  2   0  1  0  0  0  1/2    16:22   0:43   1:03 
Ben Hutton               0  0  0   1  0   0  1  0  0  0  0/0    15:55   0:00   0:00 
Boone Jenner             1  0  1   1  0   5  2  0  0  0  5/6    12:55   0:00   0:00 
Brandon Saad             1  1  2  -1  0   3  1  1  0  0  0/2    18:11   1:16   0:00 
Carter Rowney            0  0  0   0  0   0  1  0  0  0  0/1     5:38   0:00   0:00 
Cedric Paquette          0  1  1   1  0   0  0  0  0  0  0/0    13:36   0:00   0:41 
Esa Lindell              0  0  0  -1  0   1  1  3  0  0  0/0    24:26   1:16   3:57 
Jared Spurgeon           0  0  0  -1  0   1  0  2  0  0  0/0    19:39   0:43   3:59 
Josh Bailey              1  1  2  -1  0   4  0  1  0  0  2/2    22:21   1:16   4:10 
Logan Couture            0  0  0  -1  2   2  3  0  0  0  13/31  21:04   1:16   2:54 
Marcus Foligno           0  1  1   1  0   1  0  0  0  0  0/0    12:55   0:00   0:00 
Matt Dumba               0  0  0   1  0   0  4  3  0  0  0/0    15:55   0:00   0:00 
Nick Foligno             0  0  0  -1  2   1  0  1  0  0  0/0    16:40   0:43   1:21 
Pat Maroon               0  0  0   0  2   1  0  0  0  0  0/0     6:06   0:00   0:29 
Pierre-Edouard Bellemare 0  0  0   0  0   1  0  1  0  0  8/11    8:45   0:00   3:07 
Rasmus Ristolainen       0  1  1  -1  0   0  2  3  0  0  0/0    24:26   1:16   3:57 
Ryan Strome              0  0  0  -1  0   2  0  0  0  0  9/20   17:27   0:43   2:07 
Scott Mayfield           0  0  0  -1  0   0  4  2  0  0  0/0    19:39   0:43   3:59 

3 Stars

1 - Evander Kane (NJ )
2 - Sean Couturier (NJ )
3 - Dmitry Orlov (NJ )

Power Play

NEW JERSEY - 0 on 4 Attempt(s) - 0.00%
NEW YORK I - 0 on 1 Attempt(s) - 0.00%

Penalty Kill

NEW JERSEY - 1 on 1 Attempt(s) - 100.00% - Score 1 goal in Penalty Kill
NEW YORK I - 4 on 4 Attempt(s) - 100.00% - Score 0 goal in Penalty Kill

Team Stat

NEW JERSEY - Hits : 22 - Faceoff Wins : 37 - Blocked Shots : 4 - Penalty Minutes : 2
NEW YORK I - Hits : 20 - Faceoff Wins : 38 - Blocked Shots : 17 - Penalty Minutes : 8

Official

Referees : Mike Sheehan and Corey Syvret
Linesman : Mark Shewchyk and Jonny Murray

Game Notes

No Game Note

Finance

Level 1 -- Attendance: 5412 (90.20%) -- Ticket Income $541,200
Level 2 -- Attendance: 4197 (83.94%) -- Ticket Income $251,820
Level 3 -- Attendance: 1992 (99.60%) -- Ticket Income $69,720
Level 4 -- Attendance: 4000 (100.00%) -- Ticket Income $80,000
Luxury Box -- Attendance: 767 (76.70%) -- Ticket Income $153,400
Game was played at the Nassau Coliseum.
Total Attendance: 16368 (90.93%)
Total Ticket Income: $1,096,140
Total Income: $1,096,140

NEW JERSEY

5 vs 5 Forward 
   Center                   Left Wing                Right Wing               Time % Phy DF OF 
 1 Sean Couturier           Evander Kane             Jake Guentzel            36     1   2  2  
 2 Mikael Granlund          Anthony Duclair          Alex DeBrincat           29     1   2  2  
 3 Andrew Copp              Dylan Strome             Derek Stepan             24     1   2  2  
 4 Victor Rask              Danton Heinen            Zach Aston-Reese         11     1   2  2  

5 vs 5 Defense 
   Defense                  Defense                                           Time % Phy DF OF 
 1 Jeff Petry               Dougie Hamilton                                   38     1   2  2  
 2 Dmitry Orlov             Jack Johnson                                      31     1   2  2  
 3 Samuel Girard            Brad Hunt                                         26     1   2  2  
 4 Jeff Petry               Dougie Hamilton                                   5      1   2  2  

PowerPlay Forward 
   Center                   Left Wing                Right Wing               Time % Phy DF OF 
 1 Sean Couturier           Evander Kane             Jake Guentzel            60     1   2  2  
 2 Mikael Granlund          Alex DeBrincat           Anthony Duclair          40     1   2  2  

PowerPlay Defense
   Defense                  Defense                                           Time % Phy DF OF 
 1 Dougie Hamilton          Samuel Girard                                     60     1   2  2  
 2 Jeff Petry               Dmitry Orlov                                      40     1   2  2  

Penalty Kill 4 Players Forward 
   Center                   Wing                     Time % Phy DF OF 
 1 Sean Couturier           Derek Stepan             60     1   2  2  
 2 Andrew Copp              Evander Kane             40     1   2  2  

Penalty Kill 4 Players Defense
   Defense                  Defense                  Time % Phy DF OF 
 1 Jeff Petry               Dougie Hamilton          60     1   2  2  
 2 Dmitry Orlov             Jack Johnson             40     1   2  2  

Penalty Kill - 3 Players Forward 
   Forward                                           Time % Phy DF OF 
 1 Sean Couturier                                    60     1   2  2  
 2 Andrew Copp                                       40     1   2  2  

Penalty Kill - 3 Players Defense
   Defense                  Defense                  Time % Phy DF OF 
 1 Jeff Petry               Dougie Hamilton          60     1   2  2  
 2 Dmitry Orlov             Jack Johnson             40     1   2  2  

4 vs 4 Forward 
   Center                   Wing                     Time % Phy DF OF 
 1 Sean Couturier           Evander Kane             60     1   2  2  
 2 Jake Guentzel            Alex DeBrincat           40     1   2  2  

4 vs 4 Defense
   Defense                  Defense                  Time % Phy DF OF 
 1 Samuel Girard            Jeff Petry               60     1   2  2  
 2 Dmitry Orlov             Dougie Hamilton          40     1   2  2  

Last Minutes Offensive
   Center                   Left Wing                Right Wing               Defense                  Defense                  
   Sean Couturier           Evander Kane             Jake Guentzel            Jeff Petry               Dougie Hamilton          

Last Minutes Defensive
   Center                   Left Wing                Right Wing               Defense                  Defense                  
   Sean Couturier           Evander Kane             Jake Guentzel            Jeff Petry               Dougie Hamilton          

Goaltenders
Starting : Cal Petersen             
Backup : Matt Murray              

Extra Forwards
Normal : Andrew Copp, Victor Rask, Mikael Granlund - PP : Andrew Copp, Victor Rask - PK : Mikael Granlund
Extra Defensemen
Normal : Samuel Girard, Brad Hunt, Dmitry Orlov - PP : Samuel Girard - PK : Brad Hunt, Dmitry Orlov
Penalty Shots
Sean Couturier, Evander Kane, Jake Guentzel, Alex DeBrincat, Derek Stepan

Scratches
Jonathan Bernier (Healthy)

NEW YORK I

5 vs 5 Forward 
   Center                   Left Wing                Right Wing               Time % Phy DF OF 
 1 Logan Couture            Brandon Saad             Josh Bailey              35     1   2  2  
 2 Ryan Strome              Nick Foligno             Anthony Mantha           30     1   2  2  
 3 Boone Jenner             Marcus Foligno           Cedric Paquette          25     1   2  2  
 4 Pierre-Edouard Bellemare Pat Maroon               Carter Rowney            10     1   2  2  

5 vs 5 Defense 
   Defense                  Defense                                           Time % Phy DF OF 
 1 Rasmus Ristolainen       Esa Lindell                                       30     1   2  2  
 2 Jared Spurgeon           Scott Mayfield                                    30     1   2  2  
 3 Matt Dumba               Ben Hutton                                        30     1   2  2  
 4 Rasmus Ristolainen       Esa Lindell                                       10     1   2  2  

PowerPlay Forward 
   Center                   Left Wing                Right Wing               Time % Phy DF OF 
 1 Logan Couture            Brandon Saad             Josh Bailey              60     1   2  2  
 2 Ryan Strome              Nick Foligno             Anthony Mantha           40     1   2  2  

PowerPlay Defense
   Defense                  Defense                                           Time % Phy DF OF 
 1 Rasmus Ristolainen       Esa Lindell                                       60     1   2  2  
 2 Jared Spurgeon           Scott Mayfield                                    40     1   2  2  

Penalty Kill 4 Players Forward 
   Center                   Wing                     Time % Phy DF OF 
 1 Logan Couture            Josh Bailey              60     1   2  2  
 2 Ryan Strome              Anthony Mantha           40     1   2  2  

Penalty Kill 4 Players Defense
   Defense                  Defense                  Time % Phy DF OF 
 1 Rasmus Ristolainen       Esa Lindell              60     1   2  2  
 2 Jared Spurgeon           Scott Mayfield           40     1   2  2  

Penalty Kill - 3 Players Forward 
   Forward                                           Time % Phy DF OF 
 1 Logan Couture                                     60     1   2  2  
 2 Josh Bailey                                       40     1   2  2  

Penalty Kill - 3 Players Defense
   Defense                  Defense                  Time % Phy DF OF 
 1 Rasmus Ristolainen       Esa Lindell              60     1   2  2  
 2 Jared Spurgeon           Scott Mayfield           40     1   2  2  

4 vs 4 Forward 
   Center                   Wing                     Time % Phy DF OF 
 1 Logan Couture            Josh Bailey              60     1   2  2  
 2 Ryan Strome              Anthony Mantha           40     1   2  2  

4 vs 4 Defense
   Defense                  Defense                  Time % Phy DF OF 
 1 Rasmus Ristolainen       Esa Lindell              60     1   2  2  
 2 Jared Spurgeon           Scott Mayfield           40     1   2  2  

Last Minutes Offensive
   Center                   Left Wing                Right Wing               Defense                  Defense                  
   Logan Couture            Brandon Saad             Josh Bailey              Rasmus Ristolainen       Esa Lindell              

Last Minutes Defensive
   Center                   Left Wing                Right Wing               Defense                  Defense                  
   Logan Couture            Brandon Saad             Josh Bailey              Rasmus Ristolainen       Esa Lindell              

Goaltenders
Starting : Jacob Markstrom          
Backup : Ryan Miller              

Extra Forwards
Normal : Boone Jenner, Marcus Foligno, Pierre-Edouard Bellemare - PP : Boone Jenner, Marcus Foligno - PK : Pierre-Edouard Bellemare
Extra Defensemen
Normal : Matt Dumba, Ben Hutton, Scott Mayfield - PP : Matt Dumba - PK : Ben Hutton, Scott Mayfield
Penalty Shots
Logan Couture, Josh Bailey, Ryan Strome, Anthony Mantha, Boone Jenner

Scratches
NYI Cap Hit (Suspend), Troy Stecher (Healthy), Austin Watson (Healthy), Curtis McElhinney (Healthy)

% Time on Ice - NEW JERSEY

Lines # - Real PCT - Wanted PCT - Time Play
Normal Forward
1 - 34% - 36% - 16:32
2 - 31% - 29% - 15:02
3 - 25% - 24% - 12:14
4 - 11% - 11% - 5:25
Normal Defense
1 - 39% - 38% - 19:02
2 - 30% - 31% - 14:45
3 - 29% - 26% - 14:28
4 - 2% - 5% - 0:58
PP Forward
1 - 53% - 60% - 4:11
2 - 47% - 40% - 3:45
PP Defense
1 - 53% - 60% - 4:14
2 - 47% - 40% - 3:42
PK Forward
1 - 92% - 60% - 1:50
2 - 8% - 40% - 0:09
PK Defense
1 - 39% - 60% - 0:46
2 - 61% - 40% - 1:13
PK3 Forward
1 - 0% - 60%
2 - 0% - 40%
PK3 Defense
1 - 0% - 60%
2 - 0% - 40%
44 Forward
1 - 0% - 60%
2 - 0% - 40%
44 Defense
1 - 0% - 60%
2 - 0% - 40%
Last Minute Offensive  - 0:00
Last Minute Defensive  - 0:52
Total
Forward - 60:00
Defense - 60:00

% Time on Ice - NEW YORK I

Lines # - Real PCT - Wanted PCT - Time Play
Normal Forward
1 - 33% - 35% - 16:03
2 - 30% - 30% - 14:37
3 - 26% - 25% - 12:55
4 - 11% - 10% - 5:38
Normal Defense
1 - 29% - 30% - 14:29
2 - 30% - 30% - 14:57
3 - 32% - 30% - 15:55
4 - 8% - 10% - 3:52
PP Forward
1 - 64% - 60% - 1:16
2 - 36% - 40% - 0:43
PP Defense
1 - 64% - 60% - 1:16
2 - 36% - 40% - 0:43
PK Forward
1 - 73% - 60% - 5:49
2 - 27% - 40% - 2:07
PK Defense
1 - 50% - 60% - 3:57
2 - 50% - 40% - 3:59
PK3 Forward
1 - 0% - 60%
2 - 0% - 40%
PK3 Defense
1 - 0% - 60%
2 - 0% - 40%
44 Forward
1 - 0% - 60%
2 - 0% - 40%
44 Defense
1 - 0% - 60%
2 - 0% - 40%
Last Minute Offensive  - 0:52
Last Minute Defensive  - 0:00
Total
Forward - 60:00
Defense - 60:00

Play-by-Play

1st period


0:01 of 1st period - Sean Couturier wins face-off versus Brandon Saad in neutral zone.
0:18 of 1st period - Evander Kane is hit by Brandon Saad and loses puck.
0:33 of 1st period - Shot by Brandon Saad.
0:33 of 1st period - Stopped by Cal Petersen with a rebound.
0:35 of 1st period - Shot by Logan Couture.
0:35 of 1st period - Stopped by Cal Petersen without a rebound.
0:36 of 1st period - Ryan Strome wins face-off versus Mikael Granlund in NEW JERSEY zone.
0:50 of 1st period - Anthony Mantha is hit by Jack Johnson and loses puck.
1:12 of 1st period - Nick Foligno is hit by Dmitry Orlov and loses puck.
1:15 of 1st period - Shot by Nick Foligno.
1:15 of 1st period - Shot Misses the Net.
1:29 of 1st period - Shot by Cedric Paquette.
1:29 of 1st period - Shot Misses the Net.
1:31 of 1st period - Shot by Boone Jenner.
1:31 of 1st period - Shot Misses the Net.
1:33 of 1st period - Shot by Boone Jenner.
1:33 of 1st period - Goal by Boone Jenner - NEW JERSEY : 0 - NEW YORK I : 1.
1:34 of 1st period - Pierre-Edouard Bellemare wins face-off versus Andrew Copp in neutral zone.
2:13 of 1st period - Shot by Andrew Copp.
2:13 of 1st period - Shot Misses the Net.
2:35 of 1st period - Icing by Esa Lindell.
2:36 of 1st period - Pierre-Edouard Bellemare wins face-off versus Sean Couturier in NEW YORK I zone.
3:43 of 1st period - Shot by Danton Heinen.
3:43 of 1st period - Shot Misses the Net.
3:45 of 1st period - Shot by Zach Aston-Reese.
3:45 of 1st period - Shot Misses the Net.
3:59 of 1st period - Shot by Danton Heinen.
3:59 of 1st period - Stopped by Jacob Markstrom without a rebound.
4:00 of 1st period - Andrew Copp wins face-off versus Logan Couture in NEW YORK I zone.
4:01 of 1st period - Shot by Brad Hunt.
4:01 of 1st period - Shot Misses the Net.
4:26 of 1st period - Samuel Girard is hit by Logan Couture.
4:53 of 1st period - Anthony Mantha is hit by Samuel Girard and loses puck.
5:33 of 1st period - Shot by Anthony Duclair.
5:33 of 1st period - Stopped by Jacob Markstrom without a rebound.
5:34 of 1st period - Sean Couturier wins face-off versus Pierre-Edouard Bellemare in NEW YORK I zone.
5:39 of 1st period - Shot by Jake Guentzel.
5:39 of 1st period - Shot Blocked by Jared Spurgeon.
5:53 of 1st period - Shot by Jake Guentzel.
5:53 of 1st period - Shot Blocked by Scott Mayfield.
5:55 of 1st period - Shot by Jake Guentzel.
5:55 of 1st period - Stopped by Jacob Markstrom with a rebound.
5:57 of 1st period - Shot by Evander Kane.
5:57 of 1st period - Stopped by Jacob Markstrom without a rebound.
5:58 of 1st period - Logan Couture wins face-off versus Mikael Granlund in NEW YORK I zone.
7:37 of 1st period - Dougie Hamilton is hit by Rasmus Ristolainen and loses puck.
8:06 of 1st period - Danton Heinen is hit by Scott Mayfield and loses puck.
8:25 of 1st period - Victor Rask is hit by Scott Mayfield and loses puck.
8:57 of 1st period - Off-side.
8:58 of 1st period - Pierre-Edouard Bellemare wins face-off versus Mikael Granlund in neutral zone.
9:11 of 1st period - Shot by Pierre-Edouard Bellemare.
9:11 of 1st period - Deflect By Pat Maroon.
9:11 of 1st period - Stopped by Cal Petersen without a rebound.
9:12 of 1st period - Logan Couture wins face-off versus Andrew Copp in NEW JERSEY zone.
10:05 of 1st period - Shot by Alex DeBrincat.
10:05 of 1st period - Deflect By Mikael Granlund.
10:05 of 1st period - Shot Misses the Net.
10:07 of 1st period - Shot by Alex DeBrincat.
10:07 of 1st period - Stopped by Jacob Markstrom without a rebound.
10:08 of 1st period - Ryan Strome wins face-off versus Sean Couturier in NEW YORK I zone.
10:08 of 1st period - Ryan Strome is hit by Jake Guentzel.
10:30 of 1st period - Shot by Ryan Strome.
10:30 of 1st period - Stopped by Cal Petersen without a rebound.
10:31 of 1st period - Boone Jenner wins face-off versus Mikael Granlund in NEW JERSEY zone.
10:34 of 1st period - Shot by Boone Jenner.
10:34 of 1st period - Shot Misses the Net.
10:36 of 1st period - Shot by Jared Spurgeon.
10:36 of 1st period - Shot Misses the Net.
10:38 of 1st period - Shot by Cedric Paquette.
10:38 of 1st period - Shot Blocked by Brad Hunt.
11:44 of 1st period - Shot by Jake Guentzel.
11:44 of 1st period - Shot Misses the Net.
12:07 of 1st period - Icing by Jeff Petry.
12:08 of 1st period - Sean Couturier wins face-off versus Ryan Strome in NEW JERSEY zone.
12:16 of 1st period - Icing by Dougie Hamilton.
12:17 of 1st period - Logan Couture wins face-off versus Sean Couturier in NEW JERSEY zone.
12:36 of 1st period - Shot by Josh Bailey.
12:36 of 1st period - Goal by Josh Bailey - NEW JERSEY : 0 - NEW YORK I : 2.
12:37 of 1st period - Ryan Strome wins face-off versus Mikael Granlund in neutral zone.
12:48 of 1st period - Icing by Jack Johnson.
12:49 of 1st period - Josh Bailey wins face-off versus Mikael Granlund in NEW JERSEY zone.
12:50 of 1st period - Shot by Brandon Saad.
12:50 of 1st period - Goal by Brandon Saad - NEW JERSEY : 0 - NEW YORK I : 3.
12:51 of 1st period - Mikael Granlund wins face-off versus Logan Couture in neutral zone.
13:00 of 1st period - Shot by Josh Bailey.
13:00 of 1st period - Deflect By Logan Couture.
13:00 of 1st period - Stopped by Cal Petersen without a rebound.
13:01 of 1st period - Ryan Strome wins face-off versus Victor Rask in NEW JERSEY zone.
13:06 of 1st period - Shot by Nick Foligno.
13:06 of 1st period - Stopped by Cal Petersen without a rebound.
13:07 of 1st period - Mikael Granlund wins face-off versus Logan Couture in NEW JERSEY zone.
13:09 of 1st period - Icing by Alex DeBrincat.
13:10 of 1st period - Logan Couture wins face-off versus Mikael Granlund in NEW JERSEY zone.
13:43 of 1st period - Shot by Josh Bailey.
13:43 of 1st period - Shot Misses the Net.
13:59 of 1st period - Icing by Dmitry Orlov.
14:00 of 1st period - Mikael Granlund wins face-off versus Ryan Strome in NEW JERSEY zone.
14:00 of 1st period - Mikael Granlund is hit by Anthony Mantha.
14:03 of 1st period - Minor Penalty to Anthony Mantha for Holding.
14:04 of 1st period - Sean Couturier wins face-off versus Logan Couture in NEW YORK I zone.
14:38 of 1st period - Icing by Evander Kane.
14:39 of 1st period - Sean Couturier wins face-off versus Ryan Strome in NEW JERSEY zone.
15:25 of 1st period - Shot by Esa Lindell.
15:25 of 1st period - Stopped by Cal Petersen without a rebound.
15:26 of 1st period - Evander Kane wins face-off versus Logan Couture in NEW JERSEY zone.
15:46 of 1st period - Shot by Sean Couturier.
15:46 of 1st period - Shot Blocked by Rasmus Ristolainen.
15:48 of 1st period - Shot by Evander Kane.
15:48 of 1st period - Shot Blocked by Pierre-Edouard Bellemare.
16:09 of 1st period - Ben Hutton is hit by Samuel Girard and loses puck.
17:23 of 1st period - Shot by Carter Rowney.
17:23 of 1st period - Deflect By Pierre-Edouard Bellemare.
17:23 of 1st period - Stopped by Cal Petersen without a rebound.
17:24 of 1st period - Mikael Granlund wins face-off versus Ryan Strome in NEW JERSEY zone.
17:41 of 1st period - Shot by Alex DeBrincat.
17:41 of 1st period - Shot Misses the Net.
17:43 of 1st period - Shot by Alex DeBrincat.
17:43 of 1st period - Goal by Alex DeBrincat - NEW JERSEY : 1 - NEW YORK I : 3.
17:44 of 1st period - Sean Couturier wins face-off versus Logan Couture in neutral zone.
18:03 of 1st period - Shot by Brandon Saad.
18:03 of 1st period - Stopped by Cal Petersen with a rebound.
18:05 of 1st period - Shot by Jared Spurgeon.
18:05 of 1st period - Shot Misses the Net.
18:35 of 1st period - Jake Guentzel is hit by Esa Lindell.
19:49 of 1st period - Shot by Boone Jenner.
19:49 of 1st period - Stopped by Cal Petersen with a rebound.
Goals for this period are 1 for NEW JERSEY vs 3 for NEW YORK I.
Shots for this period are 6 for NEW JERSEY vs 13 for NEW YORK I.

2nd period


0:01 of 2nd period - Sean Couturier wins face-off versus Logan Couture in neutral zone.
0:40 of 2nd period - Shot by Jake Guentzel.
0:40 of 2nd period - Stopped by Jacob Markstrom without a rebound.
0:41 of 2nd period - Mikael Granlund wins face-off versus Anthony Mantha in NEW YORK I zone.
0:49 of 2nd period - Alex DeBrincat is hit by Ben Hutton and loses puck.
0:54 of 2nd period - Shot by Jack Johnson.
0:54 of 2nd period - Shot Blocked by Nick Foligno.
1:06 of 2nd period - Shot by Alex DeBrincat.
1:06 of 2nd period - Shot Blocked by Matt Dumba.
1:08 of 2nd period - Shot by Alex DeBrincat.
1:08 of 2nd period - Shot Misses the Net.
1:14 of 2nd period - Shot by Mikael Granlund.
1:14 of 2nd period - Shot Misses the Net.
1:16 of 2nd period - Shot by Dmitry Orlov.
1:16 of 2nd period - Shot Blocked by Matt Dumba.
1:18 of 2nd period - Shot by Anthony Duclair.
1:18 of 2nd period - Shot Misses the Net.
1:20 of 2nd period - Shot by Dmitry Orlov.
1:20 of 2nd period - Stopped by Jacob Markstrom without a rebound.
1:21 of 2nd period - Andrew Copp wins face-off versus Boone Jenner in NEW YORK I zone.
1:30 of 2nd period - Jared Spurgeon is hit by Derek Stepan and loses puck.
1:36 of 2nd period - Scott Mayfield is hit by Samuel Girard and loses puck.
2:24 of 2nd period - Logan Couture is hit by Brad Hunt and loses puck.
2:36 of 2nd period - Icing by Esa Lindell.
2:37 of 2nd period - Sean Couturier wins face-off versus Logan Couture in NEW YORK I zone.
2:56 of 2nd period - Shot by Jake Guentzel.
2:56 of 2nd period - Shot Blocked by Brandon Saad.
3:18 of 2nd period - Shot by Nick Foligno.
3:18 of 2nd period - Deflect By Ryan Strome.
3:18 of 2nd period - Stopped by Cal Petersen with a rebound.
3:39 of 2nd period - Minor Penalty to Mikael Granlund for Tripping.
3:40 of 2nd period - Andrew Copp wins face-off versus Ryan Strome in NEW JERSEY zone.
3:59 of 2nd period - Shot by Jared Spurgeon.
3:59 of 2nd period - Shot Hit the Post.
4:35 of 2nd period - Shot by Rasmus Ristolainen.
4:35 of 2nd period - Shot Misses the Net.
4:42 of 2nd period - Icing by Rasmus Ristolainen.
4:43 of 2nd period - Sean Couturier wins face-off versus Logan Couture in NEW YORK I zone.
5:07 of 2nd period - Icing by Logan Couture.
5:08 of 2nd period - Sean Couturier wins face-off versus Logan Couture in NEW YORK I zone.
5:20 of 2nd period - Icing by Esa Lindell.
5:21 of 2nd period - Sean Couturier wins face-off versus Brandon Saad in NEW YORK I zone.
5:21 of 2nd period - Sean Couturier is hit by Rasmus Ristolainen.
5:27 of 2nd period - Shot by Derek Stepan.
5:27 of 2nd period - Shot Misses the Net.
5:29 of 2nd period - Shot by Derek Stepan.
5:29 of 2nd period - Goal by Derek Stepan - NEW JERSEY : 2 - NEW YORK I : 3.
5:30 of 2nd period - Ryan Strome wins face-off versus Andrew Copp in neutral zone.
5:38 of 2nd period - Ryan Strome is hit by Dougie Hamilton and loses puck.
5:44 of 2nd period - Alex DeBrincat is hit by Matt Dumba and loses puck.
5:53 of 2nd period - Shot by Mikael Granlund.
5:53 of 2nd period - Shot Misses the Net.
5:57 of 2nd period - Shot by Anthony Duclair.
5:57 of 2nd period - Shot Misses the Net.
6:00 of 2nd period - Mikael Granlund is hit by Matt Dumba and loses puck.
6:53 of 2nd period - Shot by Anthony Mantha.
6:53 of 2nd period - Shot Blocked by Dmitry Orlov.
6:55 of 2nd period - Shot by Ryan Strome.
6:55 of 2nd period - Shot Blocked by Jack Johnson.
6:57 of 2nd period - Shot by Ryan Strome.
6:57 of 2nd period - Shot Misses the Net.
7:14 of 2nd period - Off-side.
7:15 of 2nd period - Pierre-Edouard Bellemare wins face-off versus Sean Couturier in neutral zone.
7:50 of 2nd period - Icing by Dougie Hamilton.
7:51 of 2nd period - Sean Couturier wins face-off versus Logan Couture in NEW JERSEY zone.
7:58 of 2nd period - Shot by Dougie Hamilton.
7:58 of 2nd period - Stopped by Jacob Markstrom without a rebound.
7:59 of 2nd period - Mikael Granlund wins face-off versus Logan Couture in NEW YORK I zone.
8:15 of 2nd period - Shot by Josh Bailey.
8:15 of 2nd period - Stopped by Cal Petersen without a rebound.
8:16 of 2nd period - Andrew Copp wins face-off versus Ryan Strome in NEW JERSEY zone.
8:31 of 2nd period - Shot by Derek Stepan.
8:31 of 2nd period - Shot Misses the Net.
8:33 of 2nd period - Shot by Dylan Strome.
8:33 of 2nd period - Shot Blocked by Esa Lindell.
8:35 of 2nd period - Shot by Andrew Copp.
8:35 of 2nd period - Shot Misses the Net.
8:37 of 2nd period - Shot by Andrew Copp.
8:37 of 2nd period - Shot Misses the Net.
8:39 of 2nd period - Shot by Jack Johnson.
8:39 of 2nd period - Shot Blocked by Rasmus Ristolainen.
8:41 of 2nd period - Shot by Jack Johnson.
8:41 of 2nd period - Stopped by Jacob Markstrom without a rebound.
8:42 of 2nd period - Logan Couture wins face-off versus Sean Couturier in NEW YORK I zone.
8:51 of 2nd period - Shot by Sean Couturier.
8:51 of 2nd period - Stopped by Jacob Markstrom without a rebound.
8:52 of 2nd period - Boone Jenner wins face-off versus Mikael Granlund in NEW YORK I zone.
9:01 of 2nd period - Shot by Boone Jenner.
9:01 of 2nd period - Stopped by Cal Petersen without a rebound.
9:02 of 2nd period - Sean Couturier wins face-off versus Logan Couture in NEW JERSEY zone.
9:35 of 2nd period - Dougie Hamilton is hit by Logan Couture and loses puck.
10:13 of 2nd period - Nick Foligno is hit by Evander Kane and loses puck.
10:17 of 2nd period - Icing by Nick Foligno.
10:18 of 2nd period - Ryan Strome wins face-off versus Mikael Granlund in NEW YORK I zone.
11:29 of 2nd period - Samuel Girard is hit by Boone Jenner and loses puck.
12:00 of 2nd period - Shot by Danton Heinen.
12:00 of 2nd period - Shot Blocked by Jared Spurgeon.
12:43 of 2nd period - Shot by Sean Couturier.
12:43 of 2nd period - Shot Misses the Net.
13:12 of 2nd period - Off-side.
13:13 of 2nd period - Mikael Granlund wins face-off versus Carter Rowney in neutral zone.
13:50 of 2nd period - Shot by Alex DeBrincat.
13:50 of 2nd period - Shot Misses the Net.
14:26 of 2nd period - Nick Foligno is hit by Andrew Copp.
14:33 of 2nd period - Icing by Ben Hutton.
14:34 of 2nd period - Victor Rask wins face-off versus Ryan Strome in NEW YORK I zone.
14:46 of 2nd period - Zach Aston-Reese is hit by Matt Dumba.
15:08 of 2nd period - Shot by Zach Aston-Reese.
15:08 of 2nd period - Stopped by Jacob Markstrom without a rebound.
15:09 of 2nd period - Logan Couture wins face-off versus Sean Couturier in NEW YORK I zone.
15:25 of 2nd period - Minor Penalty to Logan Couture for Roughing.
15:26 of 2nd period - Pierre-Edouard Bellemare wins face-off versus Mikael Granlund in NEW YORK I zone.
15:39 of 2nd period - Shot by Josh Bailey.
15:39 of 2nd period - Stopped by Cal Petersen without a rebound.
15:40 of 2nd period - Pierre-Edouard Bellemare wins face-off versus Sean Couturier in NEW JERSEY zone.
15:47 of 2nd period - Shot by Pierre-Edouard Bellemare.
15:47 of 2nd period - Shot Misses the Net.
15:59 of 2nd period - Shot by Sean Couturier.
15:59 of 2nd period - Shot Blocked by Josh Bailey.
16:22 of 2nd period - Shot by Jeff Petry.
16:22 of 2nd period - Stopped by Jacob Markstrom without a rebound.
16:23 of 2nd period - Josh Bailey wins face-off versus Mikael Granlund in NEW YORK I zone.
16:52 of 2nd period - Shot by Anthony Duclair.
16:52 of 2nd period - Stopped by Jacob Markstrom without a rebound.
16:53 of 2nd period - Pierre-Edouard Bellemare wins face-off versus Evander Kane in NEW YORK I zone.
16:53 of 2nd period - Pierre-Edouard Bellemare is hit by Evander Kane.
17:39 of 2nd period - Shot by Samuel Girard.
17:39 of 2nd period - Shot Blocked by Matt Dumba.
18:14 of 2nd period - Off-side.
18:15 of 2nd period - Ryan Strome wins face-off versus Mikael Granlund in neutral zone.
18:44 of 2nd period - Shot by Mikael Granlund.
18:44 of 2nd period - Stopped by Jacob Markstrom without a rebound.
18:45 of 2nd period - Logan Couture wins face-off versus Sean Couturier in NEW YORK I zone.
19:11 of 2nd period - Shot by Evander Kane.
19:11 of 2nd period - Deflect By Jake Guentzel.
19:11 of 2nd period - Stopped by Jacob Markstrom without a rebound.
19:12 of 2nd period - Pierre-Edouard Bellemare wins face-off versus Dylan Strome in NEW YORK I zone.
19:12 of 2nd period - Pierre-Edouard Bellemare is hit by Andrew Copp.
Goals for this period are 1 for NEW JERSEY vs 0 for NEW YORK I.
Shots for this period are 11 for NEW JERSEY vs 4 for NEW YORK I.

3rd period


0:01 of 3rd period - Logan Couture wins face-off versus Sean Couturier in neutral zone.
0:01 of 3rd period - Logan Couture is hit by Evander Kane.
0:39 of 3rd period - Shot by Josh Bailey.
0:39 of 3rd period - Stopped by Cal Petersen without a rebound.
0:40 of 3rd period - Ryan Strome wins face-off versus Mikael Granlund in NEW JERSEY zone.
0:49 of 3rd period - Shot by Anthony Mantha.
0:49 of 3rd period - Shot Blocked by Jack Johnson.
0:51 of 3rd period - Shot by Esa Lindell.
0:51 of 3rd period - Shot Misses the Net.
1:22 of 3rd period - Ryan Strome is hit by Jack Johnson and loses puck.
1:36 of 3rd period - Off-side.
1:37 of 3rd period - Logan Couture wins face-off versus Sean Couturier in neutral zone.
1:48 of 3rd period - Scott Mayfield is hit by Evander Kane.
2:45 of 3rd period - Icing by Samuel Girard.
2:46 of 3rd period - Andrew Copp wins face-off versus Ryan Strome in NEW JERSEY zone.
2:54 of 3rd period - Icing by Esa Lindell.
2:55 of 3rd period - Mikael Granlund wins face-off versus Ryan Strome in NEW YORK I zone.
3:04 of 3rd period - Shot by Mikael Granlund.
3:04 of 3rd period - Shot Blocked by Esa Lindell.
3:06 of 3rd period - Shot by Anthony Duclair.
3:06 of 3rd period - Shot Misses the Net.
3:08 of 3rd period - Shot by Dmitry Orlov.
3:08 of 3rd period - Stopped by Jacob Markstrom without a rebound.
3:09 of 3rd period - Boone Jenner wins face-off versus Andrew Copp in NEW YORK I zone.
3:19 of 3rd period - Shot by Marcus Foligno.
3:19 of 3rd period - Stopped by Cal Petersen without a rebound.
3:20 of 3rd period - Sean Couturier wins face-off versus Logan Couture in NEW JERSEY zone.
3:22 of 3rd period - Jeff Petry is hit by Logan Couture and loses puck.
3:34 of 3rd period - Brandon Saad is hit by Dougie Hamilton and loses puck.
4:25 of 3rd period - Ben Hutton is hit by Evander Kane and loses puck.
4:52 of 3rd period - Minor Penalty to Nick Foligno for Holding Stick.
4:53 of 3rd period - Logan Couture wins face-off versus Mikael Granlund in NEW YORK I zone.
5:43 of 3rd period - Anthony Mantha is hit by Evander Kane and loses puck.
7:13 of 3rd period - Dmitry Orlov is hit by Boone Jenner and loses puck.
7:53 of 3rd period - Icing by Jeff Petry.
7:54 of 3rd period - Victor Rask wins face-off versus Ryan Strome in NEW JERSEY zone.
8:21 of 3rd period - Ryan Strome is hit by Zach Aston-Reese and loses puck.
8:49 of 3rd period - Shot by Sean Couturier.
8:49 of 3rd period - Stopped by Jacob Markstrom without a rebound.
8:50 of 3rd period - Logan Couture wins face-off versus Mikael Granlund in NEW YORK I zone.
9:38 of 3rd period - Shot by Jake Guentzel.
9:38 of 3rd period - Shot Misses the Net.
9:40 of 3rd period - Shot by Evander Kane.
9:40 of 3rd period - Goal by Evander Kane - NEW JERSEY : 3 - NEW YORK I : 3.
9:41 of 3rd period - Boone Jenner wins face-off versus Andrew Copp in neutral zone.
10:09 of 3rd period - Icing by Matt Dumba.
10:10 of 3rd period - Boone Jenner wins face-off versus Sean Couturier in NEW YORK I zone.
10:10 of 3rd period - Boone Jenner is hit by Jake Guentzel.
10:20 of 3rd period - Shot by Boone Jenner.
10:20 of 3rd period - Stopped by Cal Petersen with a rebound.
10:26 of 3rd period - Shot by Jake Guentzel.
10:26 of 3rd period - Stopped by Jacob Markstrom without a rebound.
10:27 of 3rd period - Mikael Granlund wins face-off versus Ryan Strome in NEW YORK I zone.
10:29 of 3rd period - Alex DeBrincat is hit by Scott Mayfield and loses puck.
10:45 of 3rd period - Mikael Granlund is hit by Scott Mayfield and loses puck.
10:54 of 3rd period - Shot by Alex DeBrincat.
10:54 of 3rd period - Shot Misses the Net.
10:56 of 3rd period - Shot by Mikael Granlund.
10:56 of 3rd period - Shot Misses the Net.
12:33 of 3rd period - Icing by Dmitry Orlov.
12:34 of 3rd period - Andrew Copp wins face-off versus Pierre-Edouard Bellemare in NEW JERSEY zone.
12:34 of 3rd period - Derek Stepan is hit by Carter Rowney and loses puck.
12:44 of 3rd period - Jack Johnson is hit by Matt Dumba and loses puck.
13:11 of 3rd period - Minor Penalty to Pat Maroon for Cross-checking.
13:12 of 3rd period - Sean Couturier wins face-off versus Logan Couture in NEW YORK I zone.
13:19 of 3rd period - Shot by Evander Kane.
13:19 of 3rd period - Stopped by Jacob Markstrom without a rebound.
13:20 of 3rd period - Mikael Granlund wins face-off versus Logan Couture in NEW YORK I zone.
13:53 of 3rd period - Shot by Anthony Duclair.
13:53 of 3rd period - Shot Misses the Net.
13:55 of 3rd period - Shot by Mikael Granlund.
13:55 of 3rd period - Shot Misses the Net.
14:38 of 3rd period - Shot by Dmitry Orlov.
14:38 of 3rd period - Shot Misses the Net.
14:40 of 3rd period - Shot by Jeff Petry.
14:40 of 3rd period - Shot Blocked by Esa Lindell.
16:12 of 3rd period - Off-side.
16:13 of 3rd period - Anthony Mantha wins face-off versus Jake Guentzel in neutral zone.
16:49 of 3rd period - Shot by Jeff Petry.
16:49 of 3rd period - Stopped by Jacob Markstrom without a rebound.
16:50 of 3rd period - Mikael Granlund wins face-off versus Logan Couture in NEW YORK I zone.
17:05 of 3rd period - Shot by Alex DeBrincat.
17:05 of 3rd period - Stopped by Jacob Markstrom with a rebound.
17:07 of 3rd period - Shot by Anthony Duclair.
17:07 of 3rd period - Stopped by Jacob Markstrom without a rebound.
17:08 of 3rd period - Andrew Copp wins face-off versus Pierre-Edouard Bellemare in NEW YORK I zone.
17:15 of 3rd period - Shot by Derek Stepan.
17:15 of 3rd period - Stopped by Jacob Markstrom without a rebound.
17:16 of 3rd period - Logan Couture wins face-off versus Evander Kane in NEW YORK I zone.
17:18 of 3rd period - Brandon Saad is hit by Evander Kane and loses puck.
17:23 of 3rd period - Shot by Evander Kane.
17:23 of 3rd period - Shot Blocked by Scott Mayfield.
17:25 of 3rd period - Shot by Evander Kane.
17:25 of 3rd period - Goal by Evander Kane - NEW JERSEY : 4 - NEW YORK I : 3.
17:26 of 3rd period - Ryan Strome wins face-off versus Mikael Granlund in neutral zone.
18:39 of 3rd period - Shot by Jared Spurgeon.
18:39 of 3rd period - Stopped by Cal Petersen with a rebound.
18:41 of 3rd period - Shot by Logan Couture.
18:41 of 3rd period - Deflect By Josh Bailey.
18:41 of 3rd period - Shot Misses the Net.
18:43 of 3rd period - Shot by Josh Bailey.
18:43 of 3rd period - Shot Misses the Net.
18:45 of 3rd period - Shot by Josh Bailey.
18:45 of 3rd period - Shot Misses the Net.
19:01 of 3rd period - NEW YORK I, Jacob Markstrom is pulled from the net.
19:07 of 3rd period - Shot by Boone Jenner.
19:07 of 3rd period - Stopped by Cal Petersen without a rebound.
19:08 of 3rd period - Sean Couturier wins face-off versus Logan Couture in NEW JERSEY zone.
19:51 of 3rd period - Shot by Jake Guentzel.
19:51 of 3rd period - Shot Blocked by Rasmus Ristolainen.
19:56 of 3rd period - Icing by Esa Lindell.
19:57 of 3rd period - Jacob Markstrom from NEW YORK I was sent back in the game.
19:57 of 3rd period - Logan Couture wins face-off versus Jake Guentzel in NEW YORK I zone.
Goals for this period are 2 for NEW JERSEY vs 0 for NEW YORK I.
Shots for this period are 10 for NEW JERSEY vs 5 for NEW YORK I.